 Dungeon Crawl Stone Soup version 0.18-a0-1088-g34ef3a2 (webtiles) character file.

189 Ijustatesigmund the Agent of Entropy (level 5, 42/42 HPs)
             Began as a Demonspawn Abyssal Knight on Jan 15, 2016.
             Was a Priest of Lugonu.
             Quit the game on level 4 of the Dungeon.
             The game lasted 00:12:01 (3114 turns).

Ijustatesigmund the Agent of Entropy (DsAK)         Turns: 3114, Time: 00:12:02

Health: 42/42      AC:  4    Str: 12    XL:     5   Next: 40%
Magic:  0/8        EV: 11    Int: 12    God:    Lugonu [***...]
Gold:   200        SH:  0    Dex: 13    Spells: 0 memorised, 4 levels left

rFire  . . .     SeeInvis .     r - +0 flail
rCold  . . .     Gourm    .     b - +0 leather armour
rNeg   . . .     Faith    .     (no shield)
rPois  .         Spirit   +     (helmet restricted)
rElec  .         Dismiss  .     q - +0 cloak
rCorr  .         Reflect  .     (no gloves)
SustAt .         Harm     .     (no boots)
MR     .....                    w - amulet of guardian spirit
Stlth  +.........               (no ring)
                                (no ring)

@: not resistant to hostile enchantments, very unstealthy
A: claws 1, horns 2, dopey 1, MP-powered wands
a: Depart the Abyss, Bend Space, Banish, Renounce Religion


You were on level 4 of the Dungeon.
You worshipped Lugonu.
Lugonu was most pleased with you.
You were hungry.

You visited 1 branch of the dungeon, and saw 4 of its levels.
You visited the Abyss 1 time.

You collected 200 gold pieces.

Inventory:

Hand Weapons
 a - a +1 mace
 i - a +2 quarterstaff of chaos
 r - a +0 flail (weapon)
Armour
 b - a +0 leather armour (worn)
 q - a +0 cloak (worn)
Jewellery
 d - an uncursed amulet of dismissal
 w - an amulet of guardian spirit (around neck)
Wands
 j - a wand of magic darts (9/48)
Scrolls
 f - 3 scrolls of remove curse
 o - a scroll of magic mapping
 t - 2 scrolls of enchant armour {unknown}
 u - a scroll of enchant weapon {unknown}
Potions
 e - 2 potions of lignification
 g - a potion of poison {unknown}
 h - 2 potions of magic
 l - 2 potions of curing
 m - a potion of mutation
 p - a potion of brilliance {unknown}
 s - a potion of heal wounds {unknown}
 v - a potion of haste {unknown}
Comestibles
 c - a bread ration
 k - 2 meat rations
 n - a royal jelly


   Skills:
 + Level 4.0 Fighting
 * Level 3.9 Maces & Flails
 - Level 1.7 Armour
 - Level 0.8 Dodging
 + Level 4.0 Invocations


You had 4 spell levels left.
You didn't know any spells.

Dungeon Overview and Level Annotations

Branches:
Dungeon (4/15)
 Temple: D:4-7

Altars:
Dithmenos
Gozag
Trog

Shops:
D:4 *


Innate Abilities, Weirdness & Mutations

You have a pair of horns on your head.
You have sharp fingernails.
You are dopey. (Int -2)
You expend magic power (3 MP) to strengthen your wands.


Message History

There is an open door here.
You found a shaft!
There is an entrance to Hyups's General Store here.
You see here a ring mail.
You open the door.
There is an open door here.
You are feeling hungry.
Found a shadowy altar of Dithmenos.
Found a stone staircase leading down.
Found a morningstar.
w - a twisted malachite amulet You now have 181 gold pieces (gained 11).
You now have 200 gold pieces (gained 19).
Found a club.
You see here a morningstar.
Put on which piece of jewellery? (? for menu, Esc to quit)
You remove your amulet of dismissal.
You feel your power drawn to a protective spirit.
w - an amulet of guardian spirit (around neck) Are you sure you want to abandon this character and quit the game? (Confirm with "yes".)

.....##...##..#.#
#.. #........##
#.###......#.#
#..#....###....#
#......## #.###
...###.....## .#
..........### ..
#...###.....####
# ... #.@......#
.. #..........
#$....#....
#.....###...
....##.# #.#
....# .# ....# .#
..). ##


There were no monsters in sight!

Vanquished Creatures
  Crazy Yiuf (D:2)
  A hound (D:4)
  Terence (D:2)
  3 adders
  2 oozes (D:1)
  A worm (D:3)
  A giant gecko (D:1)
  An orc (D:3)
  2 giant cockroaches
  16 goblins
  8 hobgoblins
  3 jackals (D:2)
  5 kobolds
  2 quokkas (D:2)
  6 bats
  4 giant newts (D:1)
  5 rats
62 creatures vanquished.

Vanquished Creatures (others)
  A fungus (D:2)
1 creature vanquished.

Grand Total: 63 creatures vanquished

Notes
Turn   | Place    | Note
--------------------------------------------------------------
     0 | Abyss:1  | Ijustatesigmund the Demonspawn Abyssal Knight began the quest for the Orb.
     0 | Abyss:1  | Reached XP level 1. HP: 18/18 MP: 2/2
     9 | D:1      | Escaped the Abyss
   121 | D:1      | Gained mutation: You have a pair of small horns on your head. [demonic ancestry]
   121 | D:1      | Reached XP level 2. HP: 20/24 MP: 4/4
   223 | D:1      | Reached ** piety under Lugonu
   525 | D:1      | Gained mutation: You have a pair of horns on your head. [demonic ancestry]
   525 | D:1      | Reached XP level 3. HP: 16/29 MP: 5/5
   958 | D:2      | Noticed Terence
   971 | D:2      | Killed Terence
   971 | D:2      | Reached XP level 4. HP: 21/36 MP: 6/6
  1416 | D:2      | Reached *** piety under Lugonu
  2000 | D:2      | Noticed Crazy Yiuf
  2013 | D:2      | Gained mutation: You have sharp fingernails. [potion of mutation]
  2013 | D:2      | Gained mutation: You are dopey. (Int -2) [potion of mutation]
  2013 | D:2      | Gained mutation: You expend magic power (3 MP) to strengthen your wands. [potion of mutation]
  2018 | D:2      | Killed Crazy Yiuf
  2325 | D:3      | Found a bloodstained altar of Trog.
  2325 | D:3      | Found an opulent altar of Gozag.
  2335 | D:3      | Reached XP level 5. HP: 21/42 MP: 7/7
  2904 | D:4      | Reached skill level 4 in Fighting
  3017 | D:4      | Found Hyups's General Store.
  3066 | D:4      | Found a shadowy altar of Dithmenos.
  3114 | D:4      | Quit the game

Vault maps used:
D:1:      dpeg_arrival_stone_temple_mockup, minmay_lizard_king
D:2:      kennysheep_goblin_castle, uniq_crazy_yiuf_cottage, uniq_terence
D:3:      amethyst_overflow_temple_binary, kennysheep_generic_room_2
D:4:      vehumet_altar_wand_db, lemuel_doored_altar,
          nicolae_dithmenos_the_darkroom, first_bread, serial_shops,
          kennysheep_little_box, kennysheep_big_empty_room

Action                   |  1- 3 |  4- 6 || total
-------------------------+-------+-------++-------
Melee: Mace              |    94 |    79 ||   173
       Flail             |       |    28 ||    28
  Use: Scroll            |     6 |     4 ||    10
       Potion            |     3 |     3 ||     6
 Stab: Sleeping          |       |     1 ||     1
  Eat: Chunk             |       |     3 ||     3
       Royal jelly       |       |     1 ||     1
       Beef jerky        |       |     1 ||     1
